 Dungeon Crawl Stone Soup version 0.31-a0-845-g9abc20d24f (webtiles) character file.

Game seed: 17870697947107135057

1263 BinkBink the Trooper (level 8, -9/62 HPs)
             Began as a Demonspawn Fighter on Sept 30, 2023.
             Was an Initiate of Yredelemnul.
             Mangled by a gnoll sergeant
             ... wielding a +0 spear
              (11 damage)
             ... on level 6 of the Dungeon.
             The game lasted 00:09:10 (4387 turns).

BinkBink the Trooper (Demonspawn Fighter)           Turns: 4387, Time: 00:09:11

Health: -9/62      AC:  8    Str: 24    XL:     8   Next: 27%
Magic:  8/8        EV:  9    Int:  9    God:    Yredelemnul [......]
Gold:   296        SH:  6    Dex: 22    Spells: 7/7 levels left

rFire   . . .        q - +3 war axe of Antique Tortfeasance {spect, Str+4 Dex+4}
rCold   . . .        c - +0 buckler
rNeg    . . .        b - +0 scale mail
rPois   .            m - +0 helmet
rElec   .            (no cloak)
rCorr   .            (no gloves)
SInv    +            (no boots)
Will    .....        (no amulet)
Stlth   +++          j - ring of see invisible
HPRegen 0.30/turn    (no ring)
MPRegen 0.22/turn

%: no passive effects
@: no status effects
A: claws 1, thin skeletal structure 3, magic regeneration
a: Renounce Religion, Recall Undead Harvest


You were on level 6 of the Dungeon.
You worshipped Yredelemnul.
Yredelemnul was noncommittal.
You visited 1 branch of the dungeon, and saw 6 of its levels.

You collected 296 gold pieces.

Inventory:

Hand Weapons
 a - a +0 trident
 q - the +3 war axe of Antique Tortfeasance (weapon) {spect, Str+4 Dex+4}
   (You found it on level 3 of the Dungeon)

   Str+4:     It affects your strength (+4).
   Dex+4:     It affects your dexterity (+4).
Armour
 b - a +0 scale mail (worn)
 c - a +0 buckler (worn)
 m - a +0 helmet (worn)
Jewellery
 j - a ring of see invisible (left claw)
 r - a ring of flight
Wands
 w - a wand of polymorph (7)
Scrolls
 f - 2 scrolls of enchant armour {unknown}
 i - 5 scrolls of identify {unknown}
 k - a scroll of amnesia
 l - a scroll of teleportation
 n - a scroll of noise {unknown}
 o - a scroll of fear {unknown}
 p - a scroll of acquirement {unknown}
 v - 3 scrolls of brand weapon {unknown}
 x - a scroll of enchant weapon {unknown}
 y - a scroll of blinking {unknown}
Potions
 d - a potion of might
 e - 2 potions of curing {unknown}
 g - a potion of ambrosia {unknown}
 h - 2 potions of heal wounds {unknown}
 s - a potion of haste {unknown}
 t - a potion of degeneration {unknown}
 u - a potion of lignification {unknown}


   Skills:
 + Level 5.3 Fighting
 * Level 4.6(5.2) Axes
 - Level 3.5(4.6) Polearms
 + Level 4.9 Armour
 + Level 4.9 Shields


You had 7 spell levels left.
You didn't know any spells.
Your spell library contained the following spells:

 Spells                   Type           Power      Damage    Failure   Level
 Sublimation of Blood     Necr           0%         N/A       86%         2
 Dazzling Flash           Conj/Hex       0%         N/A       98%         3
 Summon Guardian Golem    Hex/Summ       0%         N/A       98%         3
 Petrify                  Tmut/Erth      0%         N/A       100%        4
 Agony                    Necr           0%         N/A       100%        5
 Irradiate                Conj/Tmut      0%         3d11      100%        5
 Silence                  Hex/Air        0%         N/A       100%        5
 Orb of Destruction       Conj           0%         9d5       100%        7
 Spellforged Servitor     Conj/Summ      0%         N/A       100%        7


Dungeon Overview and Level Annotations

Branches:
Dungeon (6/15)
 Temple: D:4-7

Altars:
Uskayaw
Yredelemnul

Annotations:
D:4 3 runed translucent doors, Opifex's ghost, amateur DsCK; Vontreibholz's ghost, novice HOFi
D:5 3 runed translucent doors, andwaal's ghost, novice OpBe


Innate Abilities, Weirdness & Mutations

You have sharp fingernails.
You have an unnaturally thin skeletal structure. (Dex +6, Stealth+++)
You regenerate magic rapidly.


Message History

The gnoll sergeant misses your +3 war axe of Antique Tortfeasance {spect, Str+4 Dex+4}.
You block the gnoll's attack.
The gnoll hits you from afar with a +0 spear.
The gnoll hits you but does no damage.
The gnoll hits you from afar with a +0 halberd. x2
The gnoll sergeant barely misses your +3 war axe of Antique Tortfeasance {spect, Str+4 Dex+4}.
The gnoll hits you from afar with a +0 spear.
The white imp barely misses you.
You are too injured to fight recklessly!
Your +3 war axe of Antique Tortfeasance {spect, Str+4 Dex+4} disappears.
The sky beast barely misses you.
The gnoll sergeant hits you from afar with a +0 spear!
* * * LOW HITPOINT WARNING * * *
The white imp hits you but does no damage.
A nearby plant withers and dies. x2
Your gnoll bouda zombie closely misses the white imp.
The sky beast attacks as it pursues you!
The sky beast hits you but does no damage.
The gnoll attacks as it pursues you!
The gnoll hits you from afar with a +0 halberd!
* * * LOW HITPOINT WARNING * * *
The gnoll hits your gnoll bouda zombie with a +0 halberd!!
The white imp attacks as it pursues you!
The white imp hits you.
* * * LOW HITPOINT WARNING * * *
The white imp freezes you.
* * * LOW HITPOINT WARNING * * *
Your gnoll bouda zombie hits the white imp.
The sky beast hits you but does no damage.
The gnoll hits your gnoll bouda zombie with a +0 spear!
Your gnoll bouda zombie is destroyed!
The white imp attacks as it pursues you!
The white imp hits you but does no damage.
The gnoll sergeant attacks as it pursues you!
You block the gnoll sergeant's attack.
There is a stone staircase leading up here.
The white imp shouts, "Begone, thou pox-marked unchin-snouted buzzard-bait!"
The gnoll sergeant hits you from afar with a +0 spear!
You die...
Your body rises from the dead as a mindless zombie.

#. ## #. #..#..
...#..#.#
#.#..#.##
.#.......###
...P...P..5##
..)P....ggY@#
......).gg######
#.P..............
#.P..........####
#...P......#.#
#[PPP.PP..##.#
##.......## #
..........
##########


You could see a sky beast, a gnoll sergeant, 3 gnolls and a white imp.

Vanquished Creatures
  A hornet (D:5)
  Sigmund (D:4)
  Duvessa (D:4)
  An ice beast (D:5)
  A black bear (D:6)
  A phantom (D:3)
  A scorpion (D:4)
  Dowan (D:4)
  A hound (D:5)
  A gnoll bouda (D:6)
  3 iguanas
  3 orc wizards
  A gnoll (D:3)
  5 adders
  2 worms (D:3)
  6 dart slugs
  11 orcs
  4 bats
  9 endoplasms
  8 giant cockroaches
  8 goblins
  6 hobgoblins
  9 jackals
  11 kobolds
  2 quokkas
  2 ball pythons
  6 frilled lizards
  6 rats
112 creatures vanquished.

Vanquished Creatures (collateral kills)
  An orc wizard (D:3)
  2 gnolls (D:3)
  An orc (D:5)
  A goblin (D:3)
  A hobgoblin (D:3)
  A jackal (D:3)
  A quokka (D:2)
  A bat (D:2)
  2 rats
11 creatures vanquished.

Vanquished Creatures (others)
  An adder zombie (D:3)
  A gnoll zombie (D:6)
  A bat zombie (D:2)
  A ball python zombie (D:3)
  A dart slug zombie (D:2)
  An endoplasm zombie (D:3)
  2 giant cockroach zombies (D:3)
  2 goblin zombies
  A hobgoblin zombie (D:3)
  2 jackal zombies (D:3)
  A kobold zombie (D:3)
  5 orc zombies
  A rat zombie (D:2)
20 creatures vanquished.

Grand Total: 143 creatures vanquished

Notes
Turn   | Place    | Note
-------+----------+-------------------------------------------
     0 | D:1      | BinkBink the Demonspawn Fighter began the quest for the
                  | Orb.
     0 | D:1      | Reached XP level 1. HP: 18/18 MP: 1/1
   127 | D:1      | Gained mutation: You have a somewhat thin skeletal
                  | structure. (Dex +2, Stealth+) [demonic ancestry]
   127 | D:1      | Reached XP level 2. HP: 24/24 MP: 2/2
   658 | D:2      | Found a faded altar of an unknown god.
   665 | D:2      | Prayed at the altar of an unknown god.
   665 | D:2      | Became a worshipper of Yredelemnul the Dark
   665 | D:2      | Reached * piety under Yredelemnul
   708 | D:2      | Gained mutation: You have a moderately thin skeletal
                  | structure. (Dex +4, Stealth++) [demonic ancestry]
   708 | D:2      | Reached XP level 3. HP: 29/29 MP: 3/3
   797 | D:2      | Reached ** piety under Yredelemnul
  1269 | D:2      | Reached XP level 4. HP: 34/35 MP: 4/4
  1336 | D:2      | Reached *** piety under Yredelemnul
  1661 | D:3      | Reached XP level 5. HP: 33/42 MP: 5/5
  1759 | D:3      | HP: 2/42 [gnoll/+0 spear (1)]
  2088 | D:3      | Identified the +3 war axe of Antique Tortfeasance {spect,
                  | Str+4 Dex+4}
  2182 | D:3      | Noticed a phantom
  2188 | D:3      | Killed a phantom
  2189 | D:3      | Reached skill level 4 in Fighting
  2189 | D:3      | Reached skill level 1 in Axes
  2189 | D:3      | Gained mutation: You have an unnaturally thin skeletal
                  | structure. (Dex +6, Stealth+++) [demonic ancestry]
  2189 | D:3      | Reached XP level 6. HP: 46/48 MP: 6/6
  2220 | D:4      | Noticed Duvessa
  2222 | D:4      | Noticed Dowan
  2230 | D:4      | Killed Duvessa
  2232 | D:4      | Killed Dowan
  2368 | D:4      | Identified the +0 ring mail of Evolution {Regen+ Slay+3}
  2387 | D:4      | Found a runed translucent gate.
  2388 | D:4      | Found a runed translucent gate.
  2389 | D:4      | Found a runed translucent gate.
  2394 | D:4      | Noticed Vontreibholz's ghost (novice HOFi)
  2394 | D:4      | Noticed Opifex's ghost (amateur DsCK)
  2525 | D:4      | Noticed Sigmund
  2534 | D:4      | Killed Sigmund
  2535 | D:4      | Gained mutation: You have sharp fingernails. [demonic
                  | ancestry]
  2535 | D:4      | Reached XP level 7. HP: 55/55 MP: 7/7
  3007 | D:4      | Found a hide-covered altar of Uskayaw.
  3281 | D:5      | Entered Level 5 of the Dungeon
  3451 | D:5      | Noticed a hornet
  3461 | D:5      | Killed a hornet
  3558 | D:5      | Reached skill level 5 in Fighting
  3622 | D:5      | Gained mutation: You regenerate magic rapidly. [demonic
                  | ancestry]
  3622 | D:5      | Reached XP level 8. HP: 53/62 MP: 8/8
  3898 | D:5      | Found a runed translucent gate.
  3898 | D:5      | Found a runed translucent gate.
  3898 | D:5      | Found a runed translucent gate.
  3947 | D:5      | Noticed andwaal's ghost (novice OpBe)
  4384 | D:6      | HP: 1/62 [white imp (4)]
  4387 | D:6      | Mangled by a gnoll sergeant

Illustrated notes

Levels and vault maps discovered:
D:1:      mrwooster_arrival_statue, layout_loops_ring
D:2:      minmay_chambers_of_ones, layout_loops_cross,
          nicolae_ecumenical_pavilion, minmay_cupped
D:3:      layout_rooms, minmay_joined_circles
D:4:      layout_cave_pods, nicolae_uskayaw_suspiria, gammafunk_ghost_cemetery,
          uniq_duvessa, uniq_sigmund
D:5:      layout_layer_cave, gammafunk_ghost_split
D:6:      layout_basic, minmay_temple_entry_large_hall,
          gammafunk_ghost_gnarly_gnolls, st_stairs_13, nicolae_grassy_gnolls

Skill      XL: |  1  2  3  4  5  6  7 |
---------------+----------------------+-----
Polearms       | 2 3 |  3.5
Armour         | 3 4 |  4.9
Shields        | 3 4 |  4.9
Fighting       | 4 5 |  5.3
Axes           | 1 3 4 |  4.6

Action                     |  1- 3 |  4- 6 |  7- 9 || total
---------------------------+-------+-------+-------++-------
  Melee: Trident           |   110 |    78 |       ||   188
         War axe           |       |    23 |    47 ||    70
    Use: Scroll            |     2 |       |       ||     2
   Stab: Sleeping          |    11 |     5 |     4 ||    20
         Distracted        |       |     1 |       ||     1
 Armour: Scale mail        |    40 |    54 |    46 ||   140
  Dodge: Dodged            |    27 |    29 |    24 ||    80
  Block: Buckler           |    17 |    15 |    11 ||    43

Table legend: (Time is in decaauts)
 A = Elapsed time spent in this place.
 B = Non-inter-level travel time spent in this place.
 C = Inter-level travel time spent in this place.
 D = Time resting spent in this place.
 E = Time spent auto-exploring this place.
 F = Levels seen in this place.
 G = Mean time per level.
                   A        B        C        D        E       F      G
               +--------+--------+--------+--------+--------+-----+--------+
         Total |   4453 |   4280 |    173 |      3 |   3497 |   6 |  742.2 |
       Dungeon |   4453 |   4280 |    173 |      3 |   3497 |   6 |  742.2 |
               +--------+--------+--------+--------+--------+-----+--------+

Top non-repeatable levels by time:
     D:5: 1107 daAuts
     D:4: 1071 daAuts
     D:3: 851 daAuts
     D:2: 736 daAuts
     D:1: 672 daAuts
     D:6: 13 daAuts
